 Dungeon Crawl Stone Soup version 0.21.1-1-g345015f (webtiles) character file.

41 Vesto the Skirmisher (level 3, -1/24 HPs)
             Began as a Gargoyle Fighter on Mar 5, 2018.
             Killed by divine providence
             ... invoked by an orc priest
              (11 damage)
             ... on level 4 of the Dungeon.
             The game lasted 00:01:46 (454 turns).

Vesto the Skirmisher (Gargoyle Fighter)              Turns: 454, Time: 00:01:47

Health: -1/24      AC: 10    Str: 25    XL:     3   Next: 52%
Magic:  3/3        EV:  7    Int:  8    God:
Gold:   23         SH:  9    Dex:  9    Spells: 3/3 levels left

rFire    . . .     SeeInvis .   a - +0 flail
rCold    . . .     Gourm    .   c - +0 shield
rNeg     + . .     Faith    .   b - +0 scale mail
rPois    ∞         Spirit   .   (no helmet)
rElec    +         Reflect  .   (no cloak)
rCorr    .         Harm     .   (no gloves)
MR       .....                  (no boots)
Stlth    ..........             (no amulet)
HPRegen  0.08/turn              (no ring)
MPRegen  0.08/turn              (no ring)

@: mighty
A: negative energy resistance 1, electricity resistance, unbreathing,
petrification resistance, rot immunity, AC +3
a: no special abilities


You were on level 4 of the Dungeon.
You were not hungry.

You visited 1 branch of the dungeon, and saw 4 of its levels.

You collected 23 gold pieces.

Inventory:

Hand Weapons
 a - a +0 flail (weapon)
Missiles
 k - a throwing net (quivered)
Armour
 b - a +0 scale mail (worn)
 c - a +0 shield (worn)
Wands
 o - a wand of paralysis (15)
Scrolls
 e - 2 scrolls of teleportation {unknown}
 g - 2 scrolls of enchant weapon {unknown}
 i - a scroll of identify {unknown}
 m - a scroll of fear {unknown}
Potions
 j - a potion of ambrosia {unknown}
 n - a potion of resistance {unknown}
Books
 l - a book of Conjurations

   Spells                             Type                      Level
   a - Magic Dart                     Conjuration                  1
   b - Searing Ray                    Conjuration                  2
   c - Dazzling Spray                 Conjuration/Hexes            3
   d - Fulminant Prism                Conjuration/Hexes            4
   e - Force Lance                    Conjuration/Translocation    4
   f - Iskenderun's Mystic Blast      Conjuration                  4
Comestibles
 f - 2 rations
 h - 3 chunks of flesh


   Skills:
 * Level 3.8 Fighting
 * Level 2.5 Maces & Flails
 + Level 3.4 Armour
 * Level 3.7 Shields
 + Level 0.6 Spellcasting


You had 3 spell levels left.
You didn't know any spells.

Dungeon Overview and Level Annotations

Branches:
Dungeon (4/15)
 Temple: D:4-7

Altars:
Qazlal


Innate Abilities, Weirdness & Mutations

You are resistant to torment.
Your stone body is resilient. (AC +3)
You are immune to poison.
You resist negative energy. (rN+)
You are resistant to electric shocks. (rElec)
You can survive without breathing.
You are immune to petrification.
You are immune to rotting.


Message History

You closely miss the orc priest. You block the orc priest's attack.
The orc wizard gestures wildly while chanting.
The orc wizard blinks!
Your shield prevents you from hitting the orc.
You sock the orc!
You kill the orc!
The orc hits you but does no damage.
You closely miss the orc. You block the orc's attack.
Your shield prevents you from hitting the orc.
The orc barely misses you.
The orc wizard casts a spell.
The orc wizard blinks!
The orc barely misses you.
You bludgeon the orc!!
You kill the orc!
The orc priest mumbles some strange prayers to Beogh against you.
Beogh smites you!
Ouch! That really hurt!
The orc priest calls down the wrath of Beogh upon you.
Beogh smites you!
You die...

#....###.##.
#.........
..
#....##.##
## #....# ..
#....#####
#.....((#
##...##.#
######(# #@#
#o# .o.
.....
......o
...#.....
#####......
#.......


You could see 2 orc priests and an orc wizard.

Vanquished Creatures
  An adder (D:2)
  A dart slug (D:1)
  4 orcs
  A ball python (D:3)
  A bat (D:3)
  4 goblins
  4 hobgoblins
  2 kobolds
  2 frilled lizards
  4 rats
24 creatures vanquished.

Notes
Turn   | Place    | Note
-------+----------+-------------------------------------------
     0 | D:1      | Vesto the Gargoyle Fighter began the quest for the Orb.
     0 | D:1      | Reached XP level 1. HP: 14/14 MP: 1/1
   102 | D:2      | Reached XP level 2. HP: 15/19 MP: 2/2
   210 | D:2      | Reached XP level 3. HP: 23/23 MP: 3/3
   380 | D:2      | Found a stormy altar of Qazlal.
   454 | D:4      | Killed from afar by an orc priest

Action                   || total
-------------------------++-------
Melee: Flail             ||   112
  Use: Potion            ||     1
Armor: Scale mail        ||    72
Dodge: Dodged            ||    47
Block: Shield            ||    84
